 Dungeon Crawl Stone Soup version 0.30.1-9-gdf580d7c3d (webtiles) character file.

Game seed: 14647052749636744382

165 Peloso the Covered (level 5, 0/47 HPs)
             Began as a Minotaur Fighter on Oct 18, 2023.
             Slain by a gnoll
             ... wielding a +0 club
              (4 damage)
             ... on level 3 of the Dungeon.
             The game lasted 00:02:55 (1729 turns).

Peloso the Covered (Minotaur Fighter)               Turns: 1729, Time: 00:02:55

Health: 0/47       AC:  7    Str: 19 (20) XL:     5   Next: 21%
Magic:  4/4        EV:  9    Int:  5      God:
Gold:   134        SH:  5    Dex: 12      Spells: 4/4 levels left

rFire   . . .        a - +0 long sword
rCold   . . .        c - +0 buckler
rNeg    . . .        b - +0 scale mail
rPois   .            (helmet restricted)
rElec   .            (no cloak)
rCorr   .            (no gloves)
SInv    .            (no boots)
Will    .....        (no amulet) Stlth
                     (no ring)
HPRegen 0.27/turn    (no ring)
MPRegen 0.09/turn

%: no passive effects
@: no status effects
A: horns 2, retaliatory headbutt
a: no special abilities


You were on level 3 of the Dungeon.
You visited 1 branch of the dungeon, and saw 3 of its levels.

You collected 134 gold pieces.

Inventory:

Hand Weapons
 a - a +0 long sword (weapon)
Missiles
 f - 2 throwing nets (quivered)
Armour
 b - a +0 scale mail (worn)
 c - a +0 buckler (worn)
Jewellery
 j - a ring of flight
 o - a +6 ring of dexterity
Scrolls
 k - a scroll of immolation {unknown}
 m - a scroll of brand weapon {unknown}
Potions
 d - a potion of might
 e - 2 potions of ambrosia
 l - a potion of brilliance
 n - a potion of haste
 q - a potion of mutation {unknown}


   Skills:
 + Level 4.4 Fighting
 + Level 4.1 Long Blades
 + Level 5.1 Armour
 + Level 0.3 Dodging
 + Level 0.2 Stealth
 + Level 4.3 Shields


You had 4 spell levels left.
You didn't know any spells.
Your spell library contained the following spells:

 Spells                   Type           Power      Damage    Failure   Level
 Fireball                 Conj/Fire      0%         3d3       100%        5
 Iskenderun's Battlesphe  Conj           0%         2d6       100%        5
 Conjure Ball Lightning   Conj/Air       0%         3x3d6     100%        6
 Orb of Destruction       Conj           0%         9d5       100%        7


Dungeon Overview and Level Annotations

Branches:
Dungeon (3/15)

Altars:

Shops:
D:2 (


Innate Abilities, Weirdness & Mutations

You have a pair of horns on your head.
You reflexively headbutt those who attack you in melee.


Message History

The gnoll is moderately wounded.
The gnoll closely misses you. The hobgoblin hits you.
The gnoll hits you with a +0 spear!
* * * LOW HITPOINT WARNING * * *
Unknown command.
You barely miss the gnoll.
The gnoll is moderately wounded.
You block the gnoll's attack. The hobgoblin barely misses you.
The gnoll hits you with a +0 spear.
* * * LOW HITPOINT WARNING * * *
The gnoll closely misses you. x2; You block the hobgoblin's attack.
Unknown command.
You feel better. You block the gnoll's attack.
The gnoll hits you with a +0 spear.
* * * LOW HITPOINT WARNING * * *
The hobgoblin closely misses you.
Unknown command.
You hit the gnoll but do no damage. Your headbutt misses the gnoll.
The gnoll is moderately wounded.
The hobgoblin closely misses you. You furiously retaliate!
You headbutt the hobgoblin!
You kill the hobgoblin!
You block the gnoll's attack. The gnoll closely misses you.
Unknown command.
You closely miss the gnoll.
The gnoll is moderately wounded.
The gnoll completely misses you. The gnoll barely misses you.
You furiously retaliate!
You headbutt the gnoll.
Unknown command.
You hit the gnoll.
The gnoll is almost dead.
The gnoll hits you but does no damage. The gnoll hits you with a +0 spear.
* * * LOW HITPOINT WARNING * * *
Unknown command.
You hit the gnoll but do no damage.
The gnoll is almost dead.
The gnoll hits you but does no damage. The gnoll hits you with a +0 spear.
* * * LOW HITPOINT WARNING * * *
The gnoll closely misses you. The gnoll hits you with a +0 club.
You die...

###########
#.g@.......
#..g†......
#..........
#..........
#..........
#..........
.).........
##..........


You could see 2 gnolls.

Vanquished Creatures
  Natasha (thrice) (D:2)
  2 gnolls (D:2)
  2 adders (D:2)
  3 dart slugs (D:1)
  4 ball pythons
  6 bats
  5 endoplasms
  A giant cockroach (D:1)
  2 goblins
  3 hobgoblins
  5 jackals (D:1)
  4 kobolds (D:1)
  A quokka (D:2)
  2 frilled lizards
  5 rats
48 creatures vanquished.

Notes
Turn   | Place    | Note
-------+----------+-------------------------------------------
     0 | D:1      | Peloso the Minotaur Fighter began the quest for the Orb.
     0 | D:1      | Reached XP level 1. HP: 19/19 MP: 0/0
    50 | D:1      | Found a faded altar of an unknown god.
    80 | D:1      | Reached XP level 2. HP: 27/27 MP: 1/1
   239 | D:1      | Reached skill level 4 in Armour
   366 | D:1      | Reached XP level 3. HP: 28/33 MP: 2/2
   780 | D:2      | Found Derrotol's Weapon Boutique.
  1158 | D:2      | Noticed Natasha
  1162 | D:2      | Killed Natasha
  1163 | D:2      | Reached XP level 4. HP: 34/40 MP: 3/3
  1272 | D:2      | Noticed Natasha
  1285 | D:2      | Killed Natasha
  1289 | D:2      | Noticed Natasha
  1294 | D:2      | Killed Natasha
  1295 | D:2      | Reached skill level 5 in Armour
  1295 | D:2      | Reached XP level 5. HP: 30/47 MP: 4/4
  1729 | D:3      | Slain by a gnoll

Illustrated notes

Levels and vault maps discovered:
D:1:      giann_wishing_wells, layout_basic, chequers_ecumenical_altar_simple
D:2:      layout_loops_corners, serial_shops, shop, fountainhead, uniq_natasha
D:3:      layout_rooms, portal_sewer_entry_d

Skill      XL: |  1  2  3  4  5 |
---------------+----------------+-----
Fighting       | 4 |  4.4
Shields        | 4 |  4.3
Armour         | 4 5 |  5.1
Long Blades    | 3 4 |  4.1
Dodging        | |  0.3
Stealth        | |  0.2

Action                     |  1- 3 |  4- 6 || total
---------------------------+-------+-------++-------
  Melee: Long sword        |    77 |    35 ||   112
         Headbutt          |    16 |     6 ||    22
    Use: Potion            |     5 |     1 ||     6
         Scroll            |       |     4 ||     4
 Armour: Scale mail        |    44 |    24 ||    68
  Dodge: Dodged            |    46 |    36 ||    82
  Block: Buckler           |    24 |    20 ||    44
